 Dungeon Crawl Stone Soup version 0.29.1-15-g9cfb28693d (webtiles) character file.

Game seed: 14092910054531180328

179 ThatPearl the Trooper (level 5, -4/43 HPs)
             Began as a Demonspawn Fighter on Mar 11, 2023.
             Slain by an orc
             ... wielding a +1 mace of holy wrath
              (9 damage)
             ... on level 3 of the Dungeon.
             The game lasted 00:04:07 (2777 turns).

ThatPearl the Trooper (Demonspawn Fighter)          Turns: 2777, Time: 00:04:08

Health: -4/43      AC:  9    Str: 18    XL:     5   Next: 33%
Magic:  14/14      EV:  9    Int: 10    God:
Gold:   111        SH:  4    Dex: 12    Spells: 4/4 levels left

rFire   . . .      SeeInvis .   a - +0 war axe
rCold   . . .      Faith    .   c - +0 buckler
rNeg    . . .      Spirit   .   b - +0 scale mail
rPois   .          Reflect  .   (no helmet)
rElec   .          Harm     .   (no cloak)
rCorr   .          Rampage  .   d - +0 pair of gloves
Will    .....                   (no boots)
Stlth   ..........              p - amulet of magic regeneration
HPRegen 0.14/turn               n - ring of magical power
MPRegen 0.54/turn               (no ring)

@: no status effects
A: thin metallic scales 1, powered by pain 2
a: no special abilities


You were on level 3 of the Dungeon.
You visited 1 branch of the dungeon, and saw 3 of its levels.

You collected 193 gold pieces.
You spent 82 gold pieces at shops.

Inventory:

Hand Weapons
 a - a +0 war axe (weapon)
 t - a +1 dagger of venom
Missiles
 g - 5 poisoned darts (quivered)
 l - 5 javelins
Armour
 b - a +0 scale mail (worn)
 c - a +0 buckler (worn)
 d - a +0 pair of gloves (worn)
 v - a +0 plate armour
Jewellery
 n - a ring of magical power (left hand)
 p - an amulet of magic regeneration (around neck)
Scrolls
 h - 4 scrolls of identify {unknown}
 i - a scroll of teleportation {unknown}
 j - 2 scrolls of fog {unknown}
 k - 4 scrolls of summoning {unknown}
 m - a scroll of vulnerability {unknown}
 q - a scroll of blinking
 r - a scroll of enchant weapon {unknown}
Potions
 e - a potion of mutation {unknown}
 f - a potion of heal wounds {unknown}
 o - a potion of invisibility {unknown}
 s - a potion of flight {unknown}
 u - a potion of resistance {unknown}
 w - a potion of cancellation {unknown}


   Skills:
 + Level 4.8 Fighting
 + Level 3.8 Axes
 - Level 2.6 Armour
 - Level 2.6 Shields


You had 4 spell levels left.
You didn't know any spells.
Your spell library contained the following spells:

 Spells                   Type           Power      Damage    Failure   Level
 Necrotise                Necr           0%         1d4       85%         1
 Gell's Gravitas          Tloc           0%         N/A       99%         3
 Lesser Beckoning         Tloc           0%         N/A       99%         3
 Ozocubu's Armour         Ice            0%         N/A       99%         3
 Teleport Other           Tloc           0%         N/A       99%         3
 Vampiric Draining        Necr           0%         2d6       99%         3
 Agony                    Necr           0%         N/A       100%        5
 Ozocubu's Refrigeration  Ice            0%         4d7       100%        7


Dungeon Overview and Level Annotations

Branches:
Dungeon (3/15)

Altars:
Kikubaaqudgha
Vehumet

Shops:
D:2 *


Innate Abilities, Weirdness & Mutations

You are partially covered in thin metallic scales. (AC +2)
You sometimes gain power by taking damage.


Message History

A bat comes into view.
A bat is nearby!
You open the door. You closely miss the bat.
The bat hits you but does no damage. The bat barely misses you.
You closely miss the bat. The bat hits you but does no damage. x2
Found a fizzy blue potion.
The bat barely misses you.
There is an open door here.
You hit the bat.
You kill the bat!
You now have 64 gold pieces (gained 13).
You now have 82 gold pieces (gained 18).
You now have 101 gold pieces (gained 19).
You now have 111 gold pieces (gained 10).
There is a radiant altar of Vehumet here.
You see here a bat corpse.
There is an open door here.
w - a fizzy blue potion An orc comes into view.
It is wielding a +1 mace of holy wrath.
The orc shouts!
The orc throws a boomerang.
The boomerang hits you but does no damage.
The orc throws a boomerang.
The boomerang hits you but does no damage.
The orc hits you but does no damage.
You barely miss the orc.
The orc hits you with a +1 mace of holy wrath.
You convulse.
The orc hits you with a +1 mace of holy wrath.
You convulse.
You barely miss the orc.
The orc hits you with a +1 mace of holy wrath!
You convulse.
* * * LOW HITPOINT WARNING * * *
You closely miss the orc. The orc hits you but does no damage.
You completely miss the orc.
The orc hits you with a +1 mace of holy wrath!
* * * LOW HITPOINT WARNING * * *
You convulse!
You die...

#.....#
#########.....#####
#.....##..........#
#.................#
#..#######........#
#..#.....#....#####
#####..#.....#.!.##
.......'†._..#.$.+
####...#.....#..@#
.###...#.....#..o#
...#...#######.#.#
#..'...........#.#
#.##.....#######..
#.##.....# ###
..#####..# .## ##.#
# ..#


You could see an orc.

Vanquished Creatures
  An orc warrior (D:3)
  2 adders (D:2)
  A worm (D:2)
  4 dart slugs
  5 orcs (D:3)
  5 bats
  5 endoplasms
  3 goblins
  4 hobgoblins
  9 jackals (D:1)
  3 quokkas
  2 ball pythons (D:3)
  A frilled lizard (D:1)
  2 rats
47 creatures vanquished.

Notes
Turn   | Place    | Note
-------+----------+-------------------------------------------
     0 | D:1      | ThatPearl the Demonspawn Fighter began the quest for the
                  | Orb.
     0 | D:1      | Reached XP level 1. HP: 18/18 MP: 1/1
   122 | D:1      | Gained mutation: You sometimes gain a little power by
                  | taking damage. [demonic ancestry]
   122 | D:1      | Reached XP level 2. HP: 23/24 MP: 2/2
   377 | D:1      | Found a faded altar of an unknown god.
   880 | D:2      | Gained mutation: You sometimes gain power by taking damage.
                  | [demonic ancestry]
   880 | D:2      | Reached XP level 3. HP: 17/29 MP: 3/3
  1039 | D:2      | Found an ancient bone altar of Kikubaaqudgha.
  1527 | D:2      | Found Laupilos's General Store.
  1530 | D:2      | Bought a scroll of blinking for 82 gold pieces
  1664 | D:2      | Reached skill level 4 in Fighting
  2179 | D:3      | Gained mutation: You are partially covered in thin metallic
                  | scales. (AC +2) [demonic ancestry]
  2179 | D:3      | Reached XP level 4. HP: 35/37 MP: 4/4
  2202 | D:3      | Found an ancient bone altar of Kikubaaqudgha.
  2229 | D:3      | Noticed an orc warrior
  2238 | D:3      | Killed an orc warrior
  2239 | D:3      | Reached XP level 5. HP: 6/43 MP: 5/5
  2732 | D:3      | Found a radiant altar of Vehumet.
  2777 | D:3      | Slain by an orc

Illustrated notes

Levels and vault maps discovered:
D:1:      roderic_crop_circles_arrival_small, layout_loops_ring,
          hellmonk_ecumenical_altar_pennies_from_heaven
D:2:      layout_basic, serial_shops, nicolae_shop_behind_doors, basic_altar,
          serial_rivers, chequers_serial_rivers_large_a,
          chequers_serial_rivers_small_b, chequers_serial_rivers_large_b,
          chequers_serial_rivers_room_b
D:3:      layout_basic, overflow_temple_1_default, chei_slow_surprise,
          amcnicky_altar_gilded, nicolae_overflow_crystal_walls, serial_shops,
          nicolae_diamond_shop

Skill      XL: |  1  2  3 |
---------------+----------+-----
Axes           | 2 3 |  3.8
Fighting       | 4 |  4.8
Armour         | |  2.6
Shields        | |  2.6

Action                   |  1- 3 |  4- 6 || total
-------------------------+-------+-------++-------
Melee: War axe           |    98 |    33 ||   131
  Use: Potion            |       |     1 ||     1
Armor: Scale mail        |    42 |    20 ||    62
Dodge: Dodged            |    46 |     7 ||    53
Block: Buckler           |    32 |     2 ||    34
